Map: Neon Violet Square LE

Players

axu

  • Race: Protoss Protoss
  • League: Platinum
  • Spawn Location: 5:00

JWMF - Winner!

  • Race: Terran Terran
  • League: Platinum
  • Spawn Location: 11:00

VOD

Have the link to the VOD?

Description

Time

  • Played on: April 10, 2018, 10:53 a.m.
  • Length: 6:24
Show
View Real Time Build Order
Export as new Build Order

axu Protoss 

Build Orders: 1 Gate Expand 

Get SALT Encoding   

  12  0:01  Probe  
  13  0:13  Probe  
  14  0:20  Pylon  
  14  0:25  Probe  
  15  0:38  Probe  
  15  0:40  Gateway  
  16  0:50  Probe (Chrono Boost)  
  17  0:58  Assimilator  
  17  1:02  Probe (Chrono Boost)  
  18  1:07  Probe (Chrono Boost)  
  19  1:16  Probe  
  20  1:27  Nexus  
  20  1:39  Cybernetics Core  
  20  1:40  Gateway  
  20  1:42  Pylon  
  20  1:46  Probe  
  21  1:49  Assimilator  
  21  1:58  Probe  
  22  2:10  Pylon, Probe  
  22  2:13  Warp Gate (Chrono Boost)  
  23  2:27  Stalker x2  
  27  2:38  Robotics Facility  
  27  2:42  Shield Battery  
  27  2:57  Stalker x2  
  31  3:08  Probe  
  30  3:38  Stalker x2  
  26  4:36  Stalker x2  
  26  5:00  Gateway  
  26  5:01  Gateway  
  26  5:04  Gateway  
  24  5:08  Gateway  
  24  5:13  Stalker x2  
  28  5:19  Pylon  
  26  5:31  Pylon  
  22  5:50  Pylon  
  22  5:56  Pylon  
  20  5:59  Pylon  
  20  6:01  Stalker  
  22  6:10  Cybernetics Core  
Show
View Real Time Build Order
Export as new Build Order

JWMF Terran - Winner!

Build Orders:  

Get SALT Encoding   

  12  0:00  SCV  
  13  0:13  SCV  
  14  0:19  Supply Depot  
  14  0:25  SCV  
  15  0:33  Refinery  
  15  0:47  Barracks  
  15  1:01  Barracks  
  15  1:07  SCV  
  16  1:17  Supply Depot  
  16  1:21  SCV  
  17  1:34  Barracks Reactor  
  17  1:44  SCV  
  18  1:50  Supply Depot  
  18  1:57  Barracks Reactor  
  18  2:08  Supply Depot x2  
  18  2:12  Marine x2  
  20  2:30  Marine x2  
  20  2:35  Marine x2  
  24  2:48  Marine x2  
  26  2:53  Marine x2  
  28  3:06  Marine x2  
  28  3:10  Marine x2  
  29  3:24  Marine x2  
  31  3:28  Marine x2  
  30  3:41  Marine x2  
  30  3:46  Marine x2  
  30  3:59  Marine x2  
  32  4:04  Marine x2  
  33  4:17  Marine x2  
  33  4:22  Marine x2  
  34  4:35  Marine x2  
  36  4:39  Marine  
  36  4:40  Marine  
  34  4:53  Marine x2  
  34  4:57  Marine x2  
  38  5:10  Marine  
  38  5:11  Marine  
  37  5:15  Marine x2  
  35  5:28  Marine x2  
  35  5:33  Marine x2  
  37  5:46  Marine x2  
  39  5:51  Marine x2  
  41  6:04  Marine x2  
Tags
 
Add a new tag
Caveats
  • Supply blocks, unpowered buildings, or Contaminate may cause inaccurate times.
  • Supply counts are checked every 10 seconds.